Unix NetHack Version 5.0.0-0 post-release - last build May  4 2026 22:22:43 (774f63e81ad911689b3a0859ea89b322d5daca8d,branch:main).

Game began 2026-05-08 09:56:46, ended 2026-05-08 10:36:40.

01245990302, chaotic male orcish Rogue

                                   -------
                                   |.....|
                                   |.....|
    ------                         |>...(.#
    |.....#                        ......|#
    |....|#                        ---.---#
    |....|##   -------              ###   #
    |.....#####|......##            #     #
    |....|   ##|.....| #            #     #  #`#
    |....|   ##|......###########################
    ------    #|.{...|    ##       ##       #hh##
              #-.....|     #     --|------##@   ##
              #|.....|     #     |........#     #####
              #-------     ######|.......|         ###
              ###################.......k|          #--.---
                                 ---------          #.....|
                                                     |.....
                                                     |<..{|
                                                     ------

01245990302 the Cutpurse  St:14 Dx:16 Co:15 In:10 Wi:10 Ch:11  Chaotic
Dlvl:2  $:4  HP:0(20) Pw:11(11) AC:7  Xp:3 T:3001 

Latest messages:
 You see here a chest.
 You miss the red mold.
 You are suddenly very hot!
 You kill the red mold!
 You see here a red mold corpse.
 You swap places with your little dog.
 You see here a red mold corpse.
 You hear the chime of a cash register.
 You see here a red mold corpse.
 You see here a red mold corpse.
 There is a red mold corpse here; eat it? [ynq] (n) y
 This red mold corpse tastes okay.
 You finish eating the red mold corpse.
 You swap places with your little dog.
 You miss the shrieker.
 You miss the shrieker.
 The shrieker shrieks.
 The little dog misses the shrieker.
 You hit the shrieker.
 The little dog misses the shrieker.
 You hit the shrieker.
 The shrieker shrieks.
 The little dog misses the shrieker.
 The little dog bites the shrieker.
 The shrieker is killed!
 Your little dog grows up into a dog.
 A hobbit suddenly appears close by!
 The hobbit wields an elven dagger!
 The elven dagger welds itself to the hobbit's hand!
 A hobbit suddenly appears close by!
 The hobbit wields a sling!
 You miss the hobbit.
 The hobbit thrusts her elven dagger.
 The hobbit hits!
 You miss the hobbit.
 You miss the hobbit.
 The hobbit thrusts her elven dagger.
 The hobbit hits!
 You hit the hobbit.
 The hobbit thrusts her elven dagger.
 The hobbit hits!
 You miss the hobbit.
 The hobbit thrusts her elven dagger.
 The hobbit hits!
 You die...
 Do you want your possessions identified? [ynq] (y) y
 Do you want to see your attributes? [ynq] (y) y
 Do you want an account of creatures vanquished? [ynaq] (y) y
 Do you want to see your conduct and achievements? [ynq] (y) y
 Do you want to see the dungeon overview? [ynq] (y) y

Inventory:
 Coins    ('$')
  $ - 4 gold pieces
 Weapons  (')')
  o - a +0 elven spear
  l - a blessed +4 orcish dagger
  b - 15 +0 orcish daggers (alternate weapons; not wielded)
  a - a +0 orcish short sword (weapon in right hand)
 Armor    ('[')
  m - a cursed +0 orcish helm
  c - an uncursed +1 leather armor (being worn)
 Comestibles  ('%')
  i - 2 uncursed pears
  h - an uncursed egg
 Potions  ('!')
  j - an uncursed potion of monster detection
  d - an uncursed potion of sickness
  k - a potion of holy water
 Tools    ('(')
  f - an empty uncursed sack
  e - an uncursed lock pick
 Gems/Stones  ('*')
  p - 2 uncursed worthless pieces of violet glass

01245990302 the Rogue's attributes:

Background:
 You were a Cutpurse, a level 3 male orcish Rogue.
 You were chaotic, nominally on a mission for Kos
 who was opposed by Issek (lawful) and Mog (neutral).
 You were right-handed.
 You were in the Dungeons of Doom, on level 2.
 You entered the dungeon 3001 turns ago.
 You had 51 experience points, 29 more were needed to attain level 4.

Basics:
 You had 0 out of 20 hit points.
 You had all 11 energy points (spell power).
 Your armor class was 7.
 Your wallet contained 4 zorkmids.
 Autopickup was off.

Final Characteristics:
 Your strength was 14 (limit:18/50).
 Your dexterity was 16 (limit:18).
 Your constitution was 15 (limit:18).
 Your intelligence was 10 (limit:16).
 Your wisdom was 10 (limit:16).
 Your charisma was 11 (limit:16).

Final Status:
 You weren't hungry.
 You were unencumbered.
 You were wielding a short sword.
 You had basic skill with short sword.

Final Attributes:
 You were piously aligned.
 You were poison resistant.
 You had infravision.
 You were stealthy.
 You were warded.
 You are dead.

Miscellaneous:
 You didn't encounter any bones levels.
 Total elapsed playing time was 39 minutes and 53 seconds.

Major events:
 Turn
    1: 01245990302 the chaotic male orcish Rogue entered the dungeon
 2643: attained the rank of Cutpurse (level 3)
 3001: killed by a hobbit

You didn't know any spells.

Skills:
 Fighting Skills
   bare handed combat [Unskilled]
   two weapon combat  [Unskilled]
   riding             [Unskilled]
 Weapon Skills
   dagger             [Basic]
   knife              [Unskilled]
   short sword        [Basic]
   broadsword         [Unskilled]
   long sword         [Unskilled]
   two-handed sword   [Unskilled]
   saber              [Unskilled]
   club               [Unskilled]
   mace               [Unskilled]
   morning star       [Unskilled]
   flail              [Unskilled]
   hammer             [Unskilled]
   polearms           [Unskilled]
   spear              [Unskilled]
   crossbow           [Unskilled]
   dart               [Unskilled]
   shuriken           [Unskilled]
 Spellcasting Skills
   divination spells  [Unskilled]
   escape spells      [Unskilled]
   matter spells      [Unskilled]

Voluntary challenges:
 Character rerolling was not enabled.
 You were an atheist.
 You were illiterate.
 You never genocided any monsters.
 You never polymorphed an object.
 You never changed form.
 You used no wishes.
Achievement:
 You attained the rank of Cutpurse.

 The Dungeons of Doom: levels 1 to 2
    Level 1:
       An altar, a fountain.
    Level 2: <- You were here.
       A fountain, a sink.
       Final resting place for
          you, killed by a hobbit.


Vanquished creatures:
  a shrieker
  a green mold
  a red mold
  a gecko
  5 jackals
  4 foxes
  a kobold
  4 goblins
  8 grid bugs
  7 lichens
  a kobold zombie
 10 newts
44 creatures vanquished.

No species were genocided or became extinct.

Game over:
                       ----------
                      /          \
                     /    REST    \
                    /      IN      \
                   /     PEACE      \
                  /                  \
                  |   01245990302    |
                  |       4 Au       |
                  |   killed by a    |
                  |      hobbit      |
                  |                  |
                  |                  |
                  |       2026       |
                 *|     *  *  *      | *
        _________)/\\_//(\/(/\)/\//\/|_)_______

Goodbye 01245990302 the Rogue...

You died in The Dungeons of Doom on dungeon level 2 with 258 points,
and 4 pieces of gold, after 3001 moves.
You were level 3 with a maximum of 20 hit points when you died.

